 Dungeon Crawl Stone Soup version 0.28.0-47-ge53b351184 (webtiles) character file.

Game seed: 5536667826565966674

20 Iusername the Bolt Thrower (level 2, -1/25 HPs)
             Began as a Minotaur Hunter on May 2, 2022.
             Slain by an iguana (6 damage)
             ... on level 2 of the Dungeon.
             The game lasted 00:02:39 (1054 turns).

Iusername the Bolt Thrower (Minotaur Hunter)        Turns: 1054, Time: 00:02:40

Health: -1/25      AC:  3    Str: 16    XL:     2   Next: 58%
Magic:  1/1        EV: 11    Int:  8    God:
Gold:   53         SH:  0    Dex: 10    Spells: 1/1 levels left

rFire   . . .      SeeInvis .   a - +1 hand crossbow
rCold   . . .      Faith    .   (no shield)
rNeg    . . .      Spirit   .   c - +0 leather armour
rPois   .          Reflect  .   (helmet restricted)
rElec   .          Harm     .   (no cloak)
rCorr   .          Rampage  .   (no gloves)
Will    .....                   (no boots)
Stlth   +.........              (no amulet)
HPRegen 0.08/turn               (no ring)
MPRegen 0.07/turn               (no ring)

@: no status effects
A: horns 2, retaliatory headbutt
a: no special abilities


You were on level 2 of the Dungeon.
You visited 1 branch of the dungeon, and saw 2 of its levels.

You collected 53 gold pieces.

Inventory:

Hand Weapons
 a - a +1 hand crossbow (weapon)
 j - a +1 short sword of venom
Missiles
 d - 12 bolts (quivered ammo)
Armour
 c - a +0 leather armour (worn)
Jewellery
 n - a ring of magical power
Scrolls
 b - a scroll of immolation {unknown}
 e - a scroll of enchant armour {unknown}
 g - 2 scrolls of identify {unknown}
 h - 2 scrolls of teleportation {unknown}
 m - a scroll of fog {unknown}
Potions
 f - a potion of curing {unknown}
 i - a potion of berserk rage {unknown}
 k - a potion of invisibility {unknown}
 l - a potion of flight {unknown}


   Skills:
 + Level 2.5 Fighting
 + Level 5.1 Crossbows
 + Level 2.3 Dodging
 + Level 0.7 Stealth


You had one spell level left.
You didn't know any spells.
Your spell library was empty.

Dungeon Overview and Level Annotations

Branches:
Dungeon (2/15)

Altars:


Innate Abilities, Weirdness & Mutations

You have a pair of horns on your head.
You reflexively headbutt those who attack you in melee.


Message History

You shoot a bolt. The bolt misses the frilled lizard.
You shoot a bolt. The bolt misses the frilled lizard.
Found 18 stones and a whip.
Really attack while wielding your +1 hand crossbow? [Y]es or [N]o only, please.
Really attack while wielding your +1 hand crossbow? [Y]es or [N]o only, please.
Really attack while wielding your +1 hand crossbow?
You miss the frilled lizard. The frilled lizard bites you. x2
You shoot a bolt. The bolt hits the frilled lizard!
You kill the frilled lizard!
d - 14 bolts (gained 1)
You see here a frilled lizard corpse.
n - a ring of magical power
d - 16 bolts (gained 2) HP restored.
Found a ring mail.
An iguana comes into view.
An iguana is nearby!
You shoot a bolt.
The bolt hits the iguana but does no damage.
The iguana hisses angrily.
You shoot a bolt. The bolt hits the iguana.
The iguana is lightly wounded.
You shoot a bolt. The bolt hits the iguana!
The iguana is almost dead.
You shoot a bolt. The bolt hits the iguana.
The iguana is almost dead.
The iguana bites you!
Ouch! That really hurt!
The iguana bites you!
* * * LOW HITPOINT WARNING * * *
You are too injured to fight recklessly!
You clumsily bash the iguana but do no damage.
The iguana is almost dead.
The iguana barely misses you.
You clumsily bash the iguana but do no damage.
The iguana is almost dead.
The iguana bites you.
You die...

#..# #.#..# #....
#.#.#!.# #....##.#[#..#
#.....#.#.#..#
#.....#.#.#..#######
#.....#.#.#..l((....
#.....#.#.##@###
#.....#.#....#..
#............#.####
#.....#......#.#..#
#.....#......#.#..#
#.....#......#<...#.#.#
#######......##........
######.........<......
#.......†#.###........


You could see an iguana.

Vanquished Creatures
  A dart slug (D:1)
  3 endoplasms (D:1)
  2 giant cockroaches (D:1)
  A goblin (D:1)
  4 kobolds (D:1)
  2 ball pythons (D:1)
  3 bats (D:1)
  A frilled lizard (D:2)
  2 rats (D:1)
19 creatures vanquished.

Notes
Turn   | Place    | Note
-------+----------+-------------------------------------------
     0 | D:1      | Iusername the Minotaur Hunter began the quest for the Orb.
     0 | D:1      | Reached XP level 1. HP: 18/18 MP: 0/0
   593 | D:1      | Found a faded altar of an unknown god.
   612 | D:1      | Reached XP level 2. HP: 25/25 MP: 1/1
   764 | D:1      | Reached skill level 5 in Crossbows
  1054 | D:2      | Slain by an iguana

Illustrated notes

Levels and vault maps discovered:
D:1:      dpeg_arrival_shelter, layout_rooms, ebering_ecumenical_altar_rust,
          minmay_tetromino_i2
D:2:      layout_basic

Skill      XL: |  1  2 |
---------------+-------+-----
Crossbows      | 5 |  5.1
Fighting       | |  2.5
Dodging        | |  2.3
Stealth        | |  0.7

Action                   || total
-------------------------++-------
Melee: Short sword       ||     5
       Headbutt          ||     1
       Hand crossbow     ||     3
 Fire: Hand crossbow     ||    35
Armor: Leather armour    ||     1
Dodge: Dodged            ||    11
